cohdb
Replays
Latest Replays
All Replays
Popular Replays
Top Player Replays
Match Explorer
How It Works
Community
CoH3 Stats
Reddit
Sign in to upload your games and track your stats! →
Sign in with Steam
Match 45112932
Unlisted
Match 45112932
Overview
Messages
Build Orders
End
Vickers Machine Gun Team
Construct Section Command Post
Dingo Light Scout Car
Royal Engineer Section
Royal Engineer Section
Construct Platoon Command Post
6-pounder Anti-tank Gun Team
Selects Canadian Shock Battlegroup
Selects Burnout
Unlock M3 Stuart Light Tanks
M3 Stuart Light Tank
Selects Pyrotechnics
Royal Engineer Section
M3 Stuart Light Tank
Light Vehicle Training
6-pounder Anti-tank Gun Team
M3 Stuart Light Tank
Selects Demolition Engineering
Demolition Engineering
Selects Offensive Resupply
Selects Canadian Shock Section
Construct Field Infirmary
M3 Stuart Light Tank
M3 Stuart Light Tank
Be Frabjous
water
ENIGMA
Hirys it's Irys
SirFecker
SSS
BOSSTTRUPPEN
L1mbo
0
0
Comments
sign in to comment!
No comments posted yet!